 Dungeon Crawl Stone Soup version 0.30.1-1-g62c8e00024 (webtiles) character file.

Game seed: 10621400341703894786

355 Destapler the Covered (level 6, 0/53 HPs)
             Began as a Minotaur Fighter on July 14, 2023.
             Slain by a gnoll
             ... wielding a +2 spear of freezing
              (1 damage)
             ... while paralysed by Grinder
             ... on level 3 of the Dungeon.
             The game lasted 00:07:17 (2241 turns).

Destapler the Covered (Minotaur Fighter)            Turns: 2241, Time: 00:07:19

Health: 0/53       AC:  8    Str: 20    XL:     6   Next: 36%
Magic:  6/6        EV:  2    Int:  5    God:
Gold:   135        SH:  0    Dex: 12    Spells: 5/5 levels left

rFire   . . .        a - +0 war axe
rCold   . . .        o - +0 tower shield
rNeg    . . .        b - +0 scale mail
rPois   .            (helmet restricted)
rElec   .            s - +0 cloak
rCorr   .            (no gloves)
SInv    .            (no boots)
Will    .....        f - amulet of reflection Stlth
                     (no ring)
HPRegen 0.28/turn    (no ring)
MPRegen 0.10/turn

%: reflection
@: paralysed
A: horns 2, retaliatory headbutt
a: no special abilities


You were on level 3 of the Dungeon.
You visited 1 branch of the dungeon, and saw 3 of its levels.

You collected 135 gold pieces.

Inventory:

Hand Weapons
 a - a +0 war axe (weapon)
Armour
 b - a +0 scale mail (worn)
 o - a +0 tower shield (worn)
 s - a +0 cloak (worn)
Jewellery
 f - an amulet of reflection (around neck)
 m - the ring "Vidotwy" {rC+ rN+ Int-5 Dex+2 Stlth+}
   (You found it on level 2 of the Dungeon)

   [ring of protection from cold]

   Int:       It affects your intelligence (-5).
   Dex:       It affects your dexterity (+2).
   rC:        It protects you from cold.
   rN:        It protects you from negative energy.
   Stlth:     It makes you more stealthy.
Scrolls
 e - 2 scrolls of amnesia {unknown}
 g - a scroll of teleportation {unknown}
 h - 2 scrolls of identify {unknown}
 j - a scroll of noise {unknown}
 k - a scroll of silence {unknown}
 p - a scroll of enchant armour {unknown}
 q - a scroll of immolation {unknown}
Potions
 c - a potion of heal wounds {unknown}
 d - a potion of brilliance {unknown}
 i - a potion of degeneration {unknown}
 l - a potion of invisibility {unknown}
 n - 3 potions of curing
 r - a potion of magic {unknown}


   Skills:
 + Level 4.5 Fighting
 + Level 3.5 Axes
 + Level 2.0 Throwing
 + Level 4.8 Armour
 + Level 2.1 Dodging
 + Level 4.5 Shields
 + Level 1.9 Invocations
 + Level 1.6 Evocations


You had 5 spell levels left.
You didn't know any spells.
Your spell library was empty.

Dungeon Overview and Level Annotations

Branches:
Dungeon (3/15)

Altars:

Shops:
D:1 ?[[[!   D:2 (

Annotations:
D:3 Grinder


Innate Abilities, Weirdness & Mutations

You have a pair of horns on your head.
You reflexively headbutt those who attack you in melee.


Message History

You slash the dart slug!
You kill the dart slug!
You slash the worm!
You kill the worm!
Grinder says, "Are you a fish?"
Grinder blinks!
You block the gnoll's attack.
The gnoll hits you from afar with a +2 spear of freezing.
* * * LOW HITPOINT WARNING * * *
The gnoll freezes you.
* * * LOW HITPOINT WARNING * * *
The gnoll completely misses you. You furiously retaliate!
You headbutt the gnoll.
You see here a +0 flail.
You closely miss the gnoll. Your headbutt misses the gnoll.
The gnoll is moderately wounded.
Grinder says, "Tell me all your secrets, or I'll kill you."
You block the gnoll's attack.
The gnoll hits you with a +2 spear of freezing!
* * * LOW HITPOINT WARNING * * *
The gnoll freezes you.
* * * LOW HITPOINT WARNING * * *
You barely miss Grinder.
Grinder is moderately wounded.
You hit the gnoll but do no damage. Grinder gestures at you.
You resist with significant effort. You block the gnoll's attack.
Unknown command.
You hit Grinder.
Grinder is heavily wounded.
You hit the gnoll. Grinder gestures at you.
You suddenly lose the ability to move!
The gnoll hits you with a +2 spear of freezing!
* * * LOW HITPOINT WARNING * * *
The gnoll freezes you.
* * * LOW HITPOINT WARNING * * *
The gnoll hits you with a +2 spear of freezing.
* * * LOW HITPOINT WARNING * * *
The gnoll freezes you.
You die...

## .... #.# .... #.#
..... #.##### #....#
##....
#.....###.#.############
.......#$<.............#
#.....).####.########.#
#.....@.# #.# #.#
#.....g5# #.# #..
....#...... #.# ########
###...#....##.. .......#
##.#.......#########..
#. ........ ......... #
........##########.
.#....### #######.
#.......


You could see Grinder (corroded) and a gnoll.

Vanquished Creatures
  2 orc priests (D:2)
  Crazy Yiuf (D:3)
  Jessica (D:3)
  Natasha (thrice) (D:2)
  Ijyb (D:3)
  Robin (D:3)
  2 gnolls (D:3)
  3 adders (D:2)
  2 worms
  4 dart slugs
  4 orcs
  4 endoplasms
  3 giant cockroaches
  9 goblins
  9 hobgoblins
  3 jackals (D:1)
  3 kobolds (D:2)
  4 quokkas
  6 ball pythons
  7 bats
  A frilled lizard (D:1)
  5 rats
78 creatures vanquished.

Notes
Turn   | Place    | Note
-------+----------+-------------------------------------------
     0 | D:1      | Destapler the Minotaur Fighter began the quest for the Orb.
     0 | D:1      | Reached XP level 1. HP: 19/19 MP: 0/0
    21 | D:1      | Found Guprob's Antique Armour Boutique.
    39 | D:1      | Found Olorok's Armour Emporium.
    61 | D:1      | Reached XP level 2. HP: 27/27 MP: 1/1
   101 | D:1      | Found Ysoir's Distillery.
   199 | D:1      | Found Uthruori's Magic Scroll Boutique.
   237 | D:1      | Found Qyemuojo's Armour Shop.
   335 | D:1      | Reached XP level 3. HP: 31/33 MP: 2/2
   402 | D:1      | Reached skill level 1 in Throwing
   774 | D:2      | Found Qumamiro's Weapon Boutique.
   865 | D:2      | Identified the ring "Vidotwy" {rC+ rN+ Int-5 Dex+2 Stlth+}
  1020 | D:2      | Noticed Natasha
  1031 | D:2      | Killed Natasha
  1032 | D:2      | Reached skill level 1 in Dodging
  1032 | D:2      | Reached skill level 1 in Invocations
  1032 | D:2      | Reached XP level 4. HP: 37/40 MP: 3/3
  1039 | D:2      | Noticed Natasha
  1048 | D:2      | Killed Natasha
  1049 | D:2      | Reached skill level 1 in Evocations
  1117 | D:2      | Reached XP level 5. HP: 8/46 MP: 3/5
  1717 | D:2      | Noticed Natasha
  1724 | D:2      | Killed Natasha
  1814 | D:3      | Noticed Jessica
  1823 | D:3      | Killed Jessica
  1832 | D:3      | Found a runed translucent door.
  1833 | D:3      | Noticed Crazy Yiuf
  1877 | D:3      | Noticed Robin
  1891 | D:3      | Killed Robin
  1892 | D:3      | Reached XP level 6. HP: 53/53 MP: 6/6
  1961 | D:3      | Killed Crazy Yiuf
  2063 | D:3      | Noticed Ijyb
  2086 | D:3      | Killed Ijyb
  2231 | D:3      | Noticed Grinder
  2234 | D:3      | Paralysed by Grinder for 2 turns
  2241 | D:3      | Paralysed by Grinder for 4 turns
  2241 | D:3      | HP: 1/53 [gnoll/+2 spear of freezing (3)]
  2241 | D:3      | Slain by a gnoll

Illustrated notes

Levels and vault maps discovered:
D:1:      dpeg_arrival_windows_large_door, layout_rooms, serial_shops, shop,
          shop, nicolae_shop_just_a_little_nook, shop, nicolae_shop_peninsula,
          dreamdust_princess_corridor, chequers_big_river,
          minmay_misc_feat_rugged
D:2:      cheibrodos_pilgrimage, layout_loops_ring, serial_shops, shop,
          bh_walls_and_bars, uniq_natasha
D:3:      layout_loops_ring, marbit_many_paths, serial_glass, glass_columns_a,
          glass_columns_a, chequers_serial_rivers_room_b, uniq_grinder,
          uniq_ijyb, uniq_crazy_yiuf_cottage, uniq_terence, uniq_robin,
          uniq_jessica

Skill      XL: |  1  2  3  4  5  6 |
---------------+-------------------+-----
Armour         | 4 |  4.8
Throwing       | 1 2 |  2.0
Dodging        | 1 2 |  2.1
Shields        | 4 |  4.5
Invocations    | 1 |  1.9
Fighting       | 4 |  4.5
Axes           | 3 |  3.5
Evocations     | 1 |  1.6

Action                     |  1- 3 |  4- 6 || total
---------------------------+-------+-------++-------
  Melee: War axe           |    98 |   107 ||   205
         Headbutt          |    10 |    20 ||    30
  Evoke: Wand              |       |     1 ||     1
    Use: Potion            |       |     1 ||     1
 Armour: Scale mail        |    43 |    22 ||    65
  Dodge: Dodged            |    37 |    18 ||    55
  Block: Buckler           |    40 |       ||    40
         Tower shield      |    20 |   122 ||   142
         Reflection        |     3 |     6 ||     9
